EL
BOWIE BAYSOX @ CHATTANOOGA LOOKOUTS
08/22/2045
 
TOP OF THE 1ST
Bowie Baysox batting - Pitching for Chattanooga Lookouts : RHP Matthew Lange
Pitching: RHP Matthew Lange
Batting: LHB Pat Shaddock 0-0: Fly out, F8 (Flyball, 8RD, EV 96.9 MPH)
Batting: RHB Francisco Viera 0-0: Ball
1-0: Ball
2-0: Called Strike
2-1: Fly out, F9 (Flyball, 89D, EV 90.6 MPH)
Batting: SHB Jorge Brito 0-0: Ball
1-0: Called Strike
1-1: Ball
2-1: Ball
3-1: Foul Ball, location: 2F
3-2: DOUBLE (Groundball, 3L, EV 114.4 MPH)
Batting: RHB Edwin Ramos 0-0: Fly out, F8 (Flyball, 8LXD, EV 97.5 MPH)
Top of the 1st over - 0 runs, 1 hit, 0 errors, 1 left on base; Bowie 0 - Chattanooga 0
BOTTOM OF THE 1ST
Chattanooga Lookouts batting - Pitching for Bowie Baysox : RHP Dave Reisinger
Pitching: RHP Dave Reisinger
Batting: RHB Mike Craver 0-0: Called Strike
0-1: Ball
1-1: Ball
2-1: Called Strike
2-2: Ball
3-2: Strikes out swinging
Batting: LHB Israel Montoya 0-0: Swinging Strike
0-1: Ball
1-1: Foul Ball, location: 2F
1-2: Ball
2-2: Foul Ball, location: 2F
2-2: Fly out, F8 (Line Drive, 8RD, EV 92.5 MPH)
Batting: LHB Jim Pankratz 0-0: Ball
1-0: Foul Ball, location: 2F
1-1: Swinging Strike
1-2: Strikes out swinging
Bottom of the 1st over - 0 runs, 0 hits, 0 errors, 0 left on base; Bowie 0 - Chattanooga 0
TOP OF THE 2ND
Bowie Baysox batting - Pitching for Chattanooga Lookouts : RHP Matthew Lange
Batting: RHB Danny Merrill 0-0: Swinging Strike
0-1: Swinging Strike
0-2: Ball
1-2: Strikes out looking
Batting: LHB Andrew Erens 0-0: Called Strike
0-1: Called Strike
0-2: Strikes out swinging
Batting: LHB Jose Bethancourt 0-0: Ball
1-0: Foul Ball, location: 2F
1-1: Swinging Strike
1-2: Ball
2-2: Reached on error, E3 (Line Drive, 3, EV 68.8 MPH)
Batting: LHB Bill Ostlund 0-0: Called Strike
Jose Bethancourt steals 2nd base
0-1: Swinging Strike
0-2: Ball
1-2: Ball
2-2: Strikes out looking
Top of the 2nd over - 0 runs, 0 hits, 1 error, 1 left on base; Bowie 0 - Chattanooga 0
BOTTOM OF THE 2ND
Chattanooga Lookouts batting - Pitching for Bowie Baysox : RHP Dave Reisinger
Batting: RHB Matt Dunn 0-0: Ball
1-0: Foul Ball, location: 2F
1-1: Swinging Strike
1-2: Strikes out swinging
Batting: LHB Matt Robertson 0-0: Foul Ball, location: 2F
0-1: Foul Ball, location: 2F
0-2: Foul Ball, location: 2F
0-2: Foul Ball, location: 2F
0-2: SINGLE (Groundball, 4MD, EV 101.9 MPH) (infield hit)
Batting: RHB Isaiah Easter 0-0: Called Strike
0-1: Ball
1-1: DOUBLE (Flyball, 8LXD, EV 100.0 MPH)
Matt Robertson to third
Batting: LHB Bill Young 0-0: Ball
1-0: Ball
2-0: Foul Ball, location: 2F
2-1: Foul Ball, location: 2F
2-2: Ball
3-2: Foul Ball, location: 2F
3-2: Ground out 1-3 (Groundball, 13, EV 68.1 MPH)
Batting: RHB Bobby Paredes 0-0: Called Strike
0-1: Ground out 6-3 (Groundball, 6MS, EV 86.9 MPH)
Bottom of the 2nd over - 0 runs, 2 hits, 0 errors, 2 left on base; Bowie 0 - Chattanooga 0
TOP OF THE 3RD
Bowie Baysox batting - Pitching for Chattanooga Lookouts : RHP Matthew Lange
Batting: SHB Eric Tiehen 0-0: Ground out U3 (Groundball, 3, EV 105.0 MPH)
Batting: LHB Pat Shaddock 0-0: Fly out, F8 (Flyball, 8RM, EV 86.2 MPH)
Batting: RHB Francisco Viera 0-0: Ball
1-0: Hit by Pitch
Batting: SHB Jorge Brito 0-0: Ball
Francisco Viera steals 2nd base
1-0: Called Strike
1-1: Foul Ball, location: 2F
1-2: Foul Ball, location: 2F
1-2: Fly out, F8 (Flyball, 8RM, EV 88.8 MPH)
Top of the 3rd over - 0 runs, 0 hits, 0 errors, 1 left on base; Bowie 0 - Chattanooga 0
BOTTOM OF THE 3RD
Chattanooga Lookouts batting - Pitching for Bowie Baysox : RHP Dave Reisinger
Batting: SHB Duri Chilemba 0-0: Called Strike
0-1: Ball
1-1: Foul Ball, location: 2F
1-2: Ball
2-2: Foul Ball, location: 2F
2-2: Fly out, F9 (Line Drive, 9, EV 91.9 MPH)
Batting: RHB Mike Craver 0-0: Ball
1-0: Foul Ball, location: 2F
1-1: Foul Ball, location: 2F
1-2: Foul Ball, location: 2F
1-2: Ball
2-2: Fly out, F4 (Flyball, 4MD, EV 95.6 MPH)
Batting: LHB Israel Montoya 0-0: Ball
1-0: Called Strike
1-1: Ball
2-1: Ball
3-1: Base on Balls
Batting: LHB Jim Pankratz 0-0: Foul Ball, location: 2F
0-1: Ball
1-1: Foul Ball, location: 2F
1-2: Ball
2-2: Strikes out swinging
Bottom of the 3rd over - 0 runs, 0 hits, 0 errors, 1 left on base; Bowie 0 - Chattanooga 0
TOP OF THE 4TH
Bowie Baysox batting - Pitching for Chattanooga Lookouts : RHP Matthew Lange
Batting: RHB Edwin Ramos 0-0: Called Strike
0-1: Ball
1-1: Ball
2-1: Foul Ball, location: 2F
2-2: Strikes out swinging
Batting: RHB Danny Merrill 0-0: Ball
1-0: Fly out, F8 (Line Drive, 8LM, EV 85.0 MPH)
Batting: LHB Andrew Erens 0-0: Ball
1-0: Called Strike
1-1: Ground out 6-3 (Groundball, 6, EV 84.4 MPH)
Top of the 4th over - 0 runs, 0 hits, 0 errors, 0 left on base; Bowie 0 - Chattanooga 0
BOTTOM OF THE 4TH
Chattanooga Lookouts batting - Pitching for Bowie Baysox : RHP Dave Reisinger
Batting: RHB Matt Dunn 0-0: Called Strike
0-1: Ball
1-1: Swinging Strike
1-2: Foul Ball, location: 2F
1-2: Ball
2-2: Foul Ball, location: 2F
2-2: Strikes out swinging
Batting: LHB Matt Robertson 0-0: Ball
1-0: Swinging Strike
1-1: Ball
2-1: Fly out, F9 (Flyball, 9, EV 86.2 MPH)
Batting: RHB Isaiah Easter 0-0: Ball
1-0: Fly out, F8 (Flyball, 8LM, EV 84.4 MPH)
Bottom of the 4th over - 0 runs, 0 hits, 0 errors, 0 left on base; Bowie 0 - Chattanooga 0
TOP OF THE 5TH
Bowie Baysox batting - Pitching for Chattanooga Lookouts : RHP Matthew Lange
Batting: LHB Jose Bethancourt 0-0: Ground out 5-3 (Groundball, 56S, EV 85.6 MPH)
Batting: LHB Bill Ostlund 0-0: Ball
1-0: Swinging Strike
1-1: Ball
2-1: Ball
3-1: Fly out, F8 (Flyball, 8LS, EV 75.0 MPH)
Batting: SHB Eric Tiehen 0-0: Fly out, F7 (Flyball, 7LS, EV 83.1 MPH)
Top of the 5th over - 0 runs, 0 hits, 0 errors, 0 left on base; Bowie 0 - Chattanooga 0
BOTTOM OF THE 5TH
Chattanooga Lookouts batting - Pitching for Bowie Baysox : RHP Dave Reisinger
Batting: LHB Bill Young 0-0: Ground out 6-3 (Groundball, 6, EV 103.1 MPH)
Batting: RHB Bobby Paredes 0-0: Called Strike
0-1: Called Strike
0-2: Fly out, F5 (Flyball, 5D, EV 84.4 MPH)
Batting: SHB Duri Chilemba 0-0: Ball
1-0: Called Strike
1-1: Ground out 4-3 (Groundball, 4, EV 110.6 MPH)
Bottom of the 5th over - 0 runs, 0 hits, 0 errors, 0 left on base; Bowie 0 - Chattanooga 0
TOP OF THE 6TH
Bowie Baysox batting - Pitching for Chattanooga Lookouts : RHP Matthew Lange
Batting: LHB Pat Shaddock 0-0: Swinging Strike
0-1: Ball
1-1: Foul Ball, location: 2F
1-2: Strikes out swinging
Batting: RHB Francisco Viera 0-0: Swinging Strike
0-1: Ball
1-1: Ball
2-1: SINGLE (Groundball, 56S, EV 60.6 MPH) (infield hit)
Batting: SHB Jorge Brito 0-0: Ball
1-0: Called Strike
1-1: Swinging Strike
1-2: Strikes out swinging
Batting: RHB Edwin Ramos 0-0: Called Strike
Francisco Viera steals 2nd base
0-1: Swinging Strike
0-2: Ball
1-2: Foul Ball, location: 2F
1-2: Foul Ball, location: 2F
1-2: Ball
2-2: Strikes out swinging
Top of the 6th over - 0 runs, 1 hit, 0 errors, 1 left on base; Bowie 0 - Chattanooga 0
BOTTOM OF THE 6TH
Chattanooga Lookouts batting - Pitching for Bowie Baysox : RHP Dave Reisinger
Batting: RHB Mike Craver 0-0: Called Strike
0-1: Ball
1-1: Swinging Strike
1-2: Ball
2-2: Ball
3-2: SINGLE (Groundball, 56, EV 104.4 MPH) (infield hit)
Pinch Runner at 1st Marius Tadini:
Batting: LHB Israel Montoya 0-0: Swinging Strike
0-1: Ball
1-1: Ball
2-1: Fielders Choice at 2nd, 4-6 (Groundball, 4, EV 93.1 MPH)
Batting: LHB Jim Pankratz 0-0: DOUBLE (Line Drive, 78D, EV 105.0 MPH)
Israel Montoya to third
Runner from 3rd tries for Home, SAFE, throw by LF to home
Batting: RHB Matt Dunn 0-0: Called Strike
0-1: Foul Ball, location: 2F
0-2: Ball
1-2: Ball
2-2: Foul Ball, location: 2F
2-2: Foul Ball, location: 2F
2-2: Ball
3-2: DOUBLE (Line Drive, 8RXD, EV 110.6 MPH)
Jim Pankratz scores
Pitching: RHP Travis Tovey
Batting: LHB Matt Robertson 0-0: Ground out U3 (Groundball, 3, EV 88.1 MPH)
Matt Dunn to third
Batting: RHB Isaiah Easter 0-0: Ball
1-0: Ball
2-0: Foul Ball, location: 2F
2-1: Fly out, F7 (Flyball, 7, EV 76.9 MPH)
Bottom of the 6th over - 2 runs, 3 hits, 0 errors, 1 left on base; Bowie 0 - Chattanooga 2
TOP OF THE 7TH
Bowie Baysox batting - Pitching for Chattanooga Lookouts : RHP Matthew Lange
Now at 1B: Masaichi Tokunaga
Batting: RHB Danny Merrill 0-0: Called Strike
0-1: Called Strike
0-2: Ground out 6-3 (Groundball, 6, EV 84.4 MPH)
Batting: LHB Andrew Erens 0-0: Ball
1-0: Ball
2-0: Ball
3-0: Base on Balls
Batting: LHB Jose Bethancourt 0-0: Ball
1-0: Foul Ball, location: 2F
1-1: Ball
2-1: Ball
3-1: Called Strike
3-2: SINGLE (Flyball, 8LS, EV 93.1 MPH)
Andrew Erens to second
Andrew Erens to third
Batting: LHB Bill Ostlund 0-0: Ball
1-0: Ball
Jose Bethancourt steals 2nd base
2-0: Ground out 4-3 (Groundball, 4, EV 85.6 MPH)
Andrew Erens scores
Jose Bethancourt to third
Batting: SHB Eric Tiehen 0-0: Called Strike
0-1: Foul Ball, location: 2F
0-2: Strikes out swinging
Top of the 7th over - 1 run, 1 hit, 0 errors, 1 left on base; Bowie 1 - Chattanooga 2
BOTTOM OF THE 7TH
Chattanooga Lookouts batting - Pitching for Bowie Baysox : RHP Travis Tovey
DELAY Rain delay of 54 minutes in the 7th inning.
Batting: LHB Bill Young 0-0: Ball
1-0: Ball
2-0: Swinging Strike
2-1: Ball
3-1: Foul Ball, location: 2F
3-2: Base on Balls
Batting: RHB Bobby Paredes 0-0: Sac Bunt to 5S - play at first, batter OUT! 5-4
Bill Young to second
Batting: SHB Duri Chilemba 0-0: Ball
1-0: Ground out 5-3 (Groundball, 6S, EV 86.9 MPH)
Batting: RHB Masaichi Tokunaga 0-0: Ball
1-0: Swinging Strike
1-1: Swinging Strike
1-2: Foul Ball, location: 2F
1-2: Strikes out swinging
Bottom of the 7th over - 0 runs, 0 hits, 0 errors, 1 left on base; Bowie 1 - Chattanooga 2
TOP OF THE 8TH
Bowie Baysox batting - Pitching for Chattanooga Lookouts : RHP Matthew Lange
Pitching: LHP Antoine Champagne
Pinch Hitting: RHB Jon Zimmerman 0-0: Ball
1-0: Swinging Strike
1-1: Called Strike
1-2: SOLO HOME RUN (Flyball, 7D, EV 105.0 MPH), Distance : 398 ft
Batting: RHB Francisco Viera 0-0: Ball
1-0: Ball
2-0: Swinging Strike
2-1: SINGLE (Flyball, 8RS, EV 93.1 MPH)
Pinch Hitting: RHB Alex Jacobo 0-0: Ball
1-0: Ball
2-0: Foul Ball, location: 2F
2-1: Foul Ball, location: 2F
2-2: Ball
3-2: Base on Balls
Francisco Viera to second
Batting: RHB Edwin Ramos 0-0: Called Strike
0-1: Called Strike
0-2: Fly out, F3 (Line Drive, 3, EV 66.2 MPH)
Batting: RHB Danny Merrill 0-0: Ball
1-0: Ball
2-0: Swinging Strike
2-1: Swinging Strike
2-2: Ball
3-2: Foul Ball, location: 2F
3-2: Strikes out swinging
Pitching: LHP Mark Challinor
Batting: LHB Andrew Erens 0-0: Called Strike
0-1: Ball
1-1: Ball
2-1: Foul Ball, location: 2F
2-2: Ball
3-2: Ground out U3 (Groundball, 3L, EV 89.4 MPH)
Top of the 8th over - 1 run, 2 hits, 0 errors, 2 left on base; Bowie 2 - Chattanooga 2
BOTTOM OF THE 8TH
Chattanooga Lookouts batting - Pitching for Bowie Baysox : RHP Travis Tovey
Pitching: RHP Alfredo Leiva
Now at 1B: Alex Jacobo
Now at 3B: Jon Zimmerman
Batting: LHB Israel Montoya 0-0: Swinging Strike
0-1: Ball
1-1: Ball
2-1: Foul Ball, location: 2F
2-2: Strikes out looking
Batting: LHB Jim Pankratz 0-0: Called Strike
0-1: Called Strike
0-2: Ball
1-2: Strikes out swinging
Batting: RHB Matt Dunn 0-0: Ground out 6-3 (Groundball, 6, EV 85.0 MPH)
Bottom of the 8th over - 0 runs, 0 hits, 0 errors, 0 left on base; Bowie 2 - Chattanooga 2
TOP OF THE 9TH
Bowie Baysox batting - Pitching for Chattanooga Lookouts : LHP Mark Challinor
Batting: LHB Jose Bethancourt 0-0: Ball
1-0: Swinging Strike
1-1: Ball
2-1: Swinging Strike
2-2: SINGLE (Groundball, 34S, EV 70.0 MPH) (infield hit)
Batting: LHB Bill Ostlund 0-0: Foul Ball, location: 2F
0-1: Swinging Strike
0-2: Strikes out swinging
Batting: SHB Eric Tiehen 0-0: Called Strike
0-1: Ball
1-1: Ground out 5-3 (Groundball, 25, EV 84.4 MPH)
Jose Bethancourt to second
Batting: RHB Jon Zimmerman 0-0: Ball
1-0: Called Strike
1-1: Ball
2-1: Foul Ball, location: 2F
2-2: Strikes out swinging
Top of the 9th over - 0 runs, 1 hit, 0 errors, 1 left on base; Bowie 2 - Chattanooga 2
BOTTOM OF THE 9TH
Chattanooga Lookouts batting - Pitching for Bowie Baysox : RHP Alfredo Leiva
Batting: LHB Matt Robertson 0-0: Ball
1-0: Ball
2-0: Called Strike
2-1: Foul Ball, location: 2F
2-2: Ground out 4-3 (Groundball, 4, EV 105.0 MPH)
Batting: RHB Isaiah Easter 0-0: Called Strike
0-1: Swinging Strike
0-2: Strikes out looking
Batting: LHB Bill Young 0-0: Ball
1-0: Swinging Strike
1-1: Hit by Pitch
Pinch Runner at 1st Todd Beaver:
Batting: RHB Bobby Paredes 0-0: Foul Ball, location: 2F
0-1: SINGLE (Groundball, 56D, EV 89.4 MPH) (infield hit)
Todd Beaver to second
Batting: SHB Duri Chilemba 0-0: Ball
1-0: SINGLE (Groundball, 25, EV 72.5 MPH) (infield hit)
Todd Beaver to third
Bobby Paredes to second
Batting: RHB Masaichi Tokunaga 0-0: Called Strike
0-1: Ball
1-1: Ball
2-1: Swinging Strike
2-2: Strikes out swinging
Bottom of the 9th over - 0 runs, 2 hits, 0 errors, 3 left on base; Bowie 2 - Chattanooga 2
TOP OF THE 10TH
Bowie Baysox batting - Pitching for Chattanooga Lookouts : LHP Mark Challinor
Pitching: RHP Toshiyuki Kawashima
Now at C: Danny Barajas
Batting: RHB Francisco Viera 0-0: Ball
1-0: Ball
2-0: Called Strike
2-1: Fly out, F7 (Flyball, 78D, EV 109.4 MPH)
Batting: RHB Alex Jacobo 0-0: Ball
1-0: Ball
2-0: Ball
3-0: Fly out, F9 (Flyball, 9, EV 83.1 MPH)
Batting: RHB Edwin Ramos 0-0: Ball
1-0: Ball
2-0: Ground out 5-3 (Groundball, 5, EV 85.6 MPH)
Top of the 10th over - 0 runs, 0 hits, 0 errors, 0 left on base; Bowie 2 - Chattanooga 2
BOTTOM OF THE 10TH
Chattanooga Lookouts batting - Pitching for Bowie Baysox : RHP Alfredo Leiva
Pitching: RHP Andy Rondeau
Batting: LHB Israel Montoya 0-0: Ball
1-0: Called Strike
1-1: Ground out 4-3 (Groundball, 4, EV 93.1 MPH)
Batting: LHB Jim Pankratz 0-0: SINGLE (Groundball, 4MD, EV 105.6 MPH)
Batting: RHB Matt Dunn 0-0: Ball
1-0: Ball
Jim Pankratz steals 2nd base
2-0: Foul Ball, location: 2F
2-1: Called Strike
2-2: Ball
3-2: Strikes out swinging, 2-3 out at first.
Batting: LHB Matt Robertson 0-0: Intentional Walk
Batting: RHB Isaiah Easter 0-0: SINGLE (Groundball, 6MD, EV 100.0 MPH)
Jim Pankratz to third
Matt Robertson to second
Runner from 3rd tries for Home, throw by CF and OUT! 8-2
Bottom of the 10th over - 0 runs, 2 hits, 0 errors, 2 left on base; Bowie 2 - Chattanooga 2
TOP OF THE 11TH
Bowie Baysox batting - Pitching for Chattanooga Lookouts : RHP Toshiyuki Kawashima
Batting: RHB Danny Merrill 0-0: Foul Ball, location: 2F
0-1: Ground out 4-3 (Groundball, 4M, EV 85.0 MPH)
Batting: LHB Andrew Erens 0-0: Called Strike
0-1: Called Strike
0-2: Strikes out looking
Batting: LHB Jose Bethancourt 0-0: Ball
1-0: Ball
2-0: Ball
3-0: Base on Balls
Pitching: RHP Justin Gorden
Batting: LHB Bill Ostlund 0-0: Swinging Strike
0-1: Ball
1-1: Swinging Strike
1-2: Foul Ball, location: 2F
1-2: Foul Ball, location: 2F
Pickoff Throw to First - Out! 1-3
Top of the 11th over - 0 runs, 0 hits, 0 errors, 0 left on base; Bowie 2 - Chattanooga 2
BOTTOM OF THE 11TH
Chattanooga Lookouts batting - Pitching for Bowie Baysox : RHP Andy Rondeau
Pitching: RHP Shane Kruger
Batting: RHB Danny Barajas 0-0: Ball
1-0: Foul Ball, location: 2F
1-1: Ball
2-1: Swinging Strike
2-2: Strikes out looking
Batting: RHB Bobby Paredes 0-0: Called Strike
0-1: Foul Ball, location: 2F
0-2: Strikes out swinging
Batting: SHB Duri Chilemba 0-0: Swinging Strike
0-1: Called Strike
0-2: Strikes out looking
Bottom of the 11th over - 0 runs, 0 hits, 0 errors, 0 left on base; Bowie 2 - Chattanooga 2
TOP OF THE 12TH
Bowie Baysox batting - Pitching for Chattanooga Lookouts : RHP Justin Gorden
Batting: LHB Bill Ostlund 0-0: Called Strike
0-1: Swinging Strike
0-2: Ball
1-2: Strikes out swinging
Batting: SHB Eric Tiehen 0-0: Called Strike
0-1: Swinging Strike
0-2: Strikes out swinging, 2-3 out at first.
Batting: RHB Jon Zimmerman 0-0: Called Strike
0-1: Foul Ball, location: 2F
0-2: Ball
1-2: SINGLE (Groundball, 6D, EV 94.4 MPH)
Batting: RHB Francisco Viera 0-0: Ball
1-0: Foul Ball, location: 2F
1-1: Ball
2-1: Ball
3-1: Base on Balls
Jon Zimmerman to second
Pitching: LHP Moronobu Ikeda
Batting: RHB Alex Jacobo 0-0: Ball
1-0: Foul Ball, location: 2F
1-1: Ball
2-1: Foul Ball, location: 2F
2-2: Ball
3-2: Foul Ball, location: 2F
3-2: Base on Balls
Jon Zimmerman to third
Francisco Viera to second
Batting: RHB Edwin Ramos 0-0: Foul Ball, location: 2F
0-1: Ball
1-1: Ball
2-1: Fly out, F9 (Flyball, 89D, EV 101.9 MPH)
Top of the 12th over - 0 runs, 1 hit, 0 errors, 3 left on base; Bowie 2 - Chattanooga 2
BOTTOM OF THE 12TH
Chattanooga Lookouts batting - Pitching for Bowie Baysox : RHP Shane Kruger
Batting: RHB Masaichi Tokunaga 0-0: SINGLE (Groundball, 4MD, EV 103.8 MPH)
Batting: LHB Israel Montoya 0-0: Ball
1-0: Ball
2-0: Called Strike
2-1: Ball
3-1: Fielders Choice at 2nd, 4-6 (Groundball, 4, EV 103.1 MPH)
Batting: LHB Jim Pankratz 0-0: Foul Ball, location: 2F
0-1: Ball
1-1: Ball
Israel Montoya steals 2nd base (no throw)
2-1: Intentional Walk
Batting: RHB Matt Dunn 0-0: SINGLE (Groundball, 3D, EV 103.1 MPH)
Israel Montoya to third
Jim Pankratz to second
Batting: LHB Matt Robertson 0-0: Called Strike
0-1: Ball
1-1: Ball
2-1: DOUBLE (Flyball, 5D, EV 97.5 MPH)
Israel Montoya scores
Bottom of the 12th over - 1 run, 3 hits, 0 errors, 0 left on base; Bowie 2 - Chattanooga 3
Game Over ... Chattanooga defeats Bowie, 3 to 2
Wednesday, June 22nd , 2022 - OOTP Baseball 23.4 Build 64